 Dungeon Crawl Stone Soup version 0.26.1 (webtiles) character file.

Game seed: 6877148519984655779

27 Descartes the Sneak (level 2, -1/14 HPs)
             Began as a Felid Wanderer on Feb 5, 2021.
             Slain by an orc
             ... wielding a +0 war axe
              (5 damage)
             ... on level 4 of the Dungeon.
             The game lasted 00:01:57 (761 turns).

Descartes the Sneak (Felid Wanderer)                 Turns: 761, Time: 00:01:58

Health: -1/14      AC:  1    Str:  7    XL:     2   Next: 93%
Magic:  3/3        EV: 17    Int: 10    God:
Gold:   45         SH:  0    Dex: 15    Spells: 1/1 levels left
                                        Lives:  0   Deaths: 0

rFire    . . .     SeeInvis +     - Unarmed
rCold    . . .     Faith    .   (shield unavailable)
rNeg     + . .     Spirit   .   (armour unavailable)
rPois    .         Reflect  .   (helmet unavailable)
rElec    .         Harm     .   (cloak unavailable)
rCorr    .         Rampage  .   (gloves unavailable)
Will     .....                  (boots unavailable)
Stlth    ++++......             (no amulet)
HPRegen  0.04/turn              f - -4 ring of strength (curse)
MPRegen  0.08/turn              i - ring of positive energy

@: quick
A: very small, no armour, no weapons or thrown items, stealth, claws 1, fangs 3,
see invisible, speed 1, shaggy fur 1, sharp paws
a: no special abilities


You were on level 4 of the Dungeon.
You visited 1 branch of the dungeon, and saw 3 of its levels.

You collected 45 gold pieces.

Inventory:

Jewellery
 f - a cursed -4 ring of strength (left paw)
 i - a ring of positive energy (right paw)
Scrolls
 b - a scroll of teleportation
Potions
 a - 2 potions of haste
 c - 3 potions of curing
 e - 2 potions of degeneration {unknown}
 g - a potion of ambrosia {unknown}
 h - a potion of heal wounds {unknown}


   Skills:
 - Level 3.0 Fighting
 + Level 2.5 Dodging
 + Level 5.8 Stealth
 + Level 2.5 Unarmed Combat


You had one spell level left.
You didn't know any spells.
Your spell library was empty.

Dungeon Overview and Level Annotations

Branches:
Dungeon (2/15)

Altars:


Innate Abilities, Weirdness & Mutations

You cannot wear armour.
You are incapable of wielding weapons or throwing items.
Your paws allow you to move quietly. (Stealth)
You have sharp claws.
You have razor-sharp teeth.
You have supernaturally acute eyesight. (SInv)
You cover ground quickly.
You are covered in fur. (AC +1)
Your sharp claws are effective at attacking unaware monsters.


Message History

The leopard gecko is almost dead.
The orc wizard casts a spell at you. The puff of flame misses you.
The leopard gecko closely misses you. The orc wizard misses you.
You closely miss the leopard gecko.
The leopard gecko is almost dead.
The leopard gecko misses you.
You closely miss the leopard gecko. Your bite misses the leopard gecko.
The leopard gecko is almost dead.
The leopard gecko misses you.
The orc wizard hits you with a +0 dagger.
* * * LOW HITPOINT WARNING * * *
The orc misses you.
You scratch the leopard gecko.
You kill the leopard gecko!
The orc wizard barely misses you. The orc wizard closely misses you.
You scratch the orc.
The orc is heavily wounded.
The orc hits you with a +0 war axe.
You die...

.....##### ........
# .....##.##
......... ##....##..
##.........
..########....#.....
.......oo..#....###.
.......@oZ.....##
##................
#........###.#....
#.......... .##...
####.......... ...
#.......#.#. ..
#.......# #..
#........


You could see an orc wizard (fast), 2 orcs and an adder skeleton.

Vanquished Creatures
  An ooze (D:1)
  2 dart slugs (D:1)
  A leopard gecko (D:4)
  4 bats (D:1)
  2 goblins (D:1)
  3 jackals (D:1)
  2 frilled lizards (D:1)
  A kobold (D:2)
  A rat (D:2)
17 creatures vanquished.

Notes
Turn   | Place    | Note
-------+----------+-------------------------------------------
     0 | D:1      | Descartes the Felid Wanderer began the quest for the Orb.
     0 | D:1      | Descartes set off with the following items: 2 potions of
                  | haste, a scroll of teleportation, a potion of curing
     0 | D:1      | Reached XP level 1. HP: 10/10 MP: 2/2
   177 | D:1      | Reached XP level 2. HP: 10/14 MP: 3/3
   741 | D:2      | You fall into a shaft and drop 2 floors!
   761 | D:4      | Slain by an orc

Illustrated notes

Levels and vault maps discovered:
D:1:      nzn_arrival_depleted_hourglass, layout_basic
D:2:      layout_rooms
D:4:      layout_rooms, makhleb_altar_promises_db, led_xom_imps

Skill      XL: |  1 |
---------------+----+-----
Dodging        | 2 |  2.5
Fighting       | |  3.0
Stealth        | |  5.8
Unarmed Combat | |  2.5

Action                   || total
-------------------------++-------
Melee: Unarmed           ||    48
       Bite              ||     8
  Use: Scroll            ||     1
 Stab: Sleeping          ||     1
Armor: Skin              ||     3
Dodge: Dodged            ||    54
